 Dungeon Crawl Stone Soup version 0.30-a0-29-g142975f185 (webtiles) character file.

Game seed: 10958031107415007409

139 frimble the Gusty (level 5, -6/36 HPs)
             Began as a Demonspawn Air Elementalist on Aug 26, 2022.
             Mangled by Pikel
             ... wielding a +1 whip of flaming
              (14 damage)
             ... on level 4 of the Dungeon.
             The game lasted 00:04:19 (4869 turns).

frimble the Gusty (Demonspawn Air Elementalist)     Turns: 4869, Time: 00:04:20

Health: -6/36      AC:  3    Str: 11    XL:     5   Next: 1%
Magic:  5/8        EV: 12    Int: 18    God:
Gold:   32         SH:  0    Dex: 16    Spells: 7/8 levels left

rFire   . . .      SeeInvis +    h - +0 dagger (venom)
rCold   . . .      Faith    .    (no shield)
rNeg    . . .      Spirit   .    a - +0 robe
rPois   .          Reflect  .    (no helmet)
rElec   .          Harm     .    (no cloak)
rCorr   .          Rampage  .    g - +0 pair of gloves
Will    .....                    (no boots)
Stlth   ++........               (no amulet)
HPRegen 0.12/turn                f - ring "Eleov" {Str+3 Dex+2 SInv}
MPRegen 0.22/turn                (no ring)

@: hasted, very quick
A: claws 1, foul stench 1, magic regeneration
a: no special abilities


You were on level 4 of the Dungeon.
You visited 1 branch of the dungeon, and saw 4 of its levels.

You collected 68 gold pieces.
You spent 36 gold pieces at shops.

Inventory:

Hand Weapons
 e - a +0 short sword
 h - a +0 dagger of venom (weapon)
Armour
 a - a +0 robe (worn)
 g - a +0 pair of gloves (worn)
Jewellery
 f - the ring "Eleov" (left hand) {Str+3 Dex+2 SInv}
   (You found it on level 3 of the Dungeon)

   [ring of see invisible]

   Str:       It affects your strength (+3).
   Dex:       It affects your dexterity (+2).
   SInv:      It lets you see invisible.
Scrolls
 d - 2 scrolls of identify
 i - a scroll of fear
 j - a scroll of amnesia {unknown}
Potions
 b - a potion of magic
 k - 2 potions of curing


   Skills:
 + Level 0.9 Fighting
 + Level 2.3 Short Blades
 - Level 1.7 Dodging
 - Level 1.7 Stealth
 - Level 2.0 Spellcasting
 - Level 3.0 Conjurations
 - Level 3.4 Air Magic


You had 7 spell levels left.
You knew the following spells:

 Your Spells              Type           Power      Damage    Failure   Level
a - Shock                 Conj/Air       52%        1d6       4%          1

Your spell library contained the following spells:

 Spells                   Type           Power      Damage    Failure   Level
 Magic Dart               Conj           48%        1d5       5%          1
 Static Discharge         Conj/Air       26%        3-5/arc   8%          2
 Swiftness                Air            14%        N/A       14%         3
 Necrotise                Necr           4%         1d4       19%         1
 Slow                     Hex            4%         N/A       19%         1
 Airstrike                Air            7%         2d(1-17)  41%         4
 Call Canine Familiar     Summ           1%         N/A       47%         3
 Confusing Touch          Hex            1%         N/A       47%         3
 Portal Projectile        Hex/Tloc       2%         N/A       47%         3
 Vampiric Draining        Necr           1%         2d6       47%         3
 Leda's Liquefaction      Hex/Erth       0%         N/A       87%         4
 Agony                    Necr           1%         N/A       99%         5
 Borgnjor's Revivificati  Necr           0%         N/A       100%        8
 Necromutation            Tmut/Necr      0%         N/A       100%        8
 Death's Door             Necr           0%         N/A       100%        9


Dungeon Overview and Level Annotations

Branches:
Dungeon (4/15)
 Temple: D:4-7

Altars:
Gozag
Kikubaaqudgha
Sif Muna
Vehumet

Shops:
D:2 !

Annotations:
D:4 Pikel


Innate Abilities, Weirdness & Mutations

You have sharp fingernails.
You may rarely emit foul miasma when damaged in melee.
You regenerate magic rapidly.


Message History

Aim: Pikel, wielding a +1 whip of flaming and wearing a +0 robe (lightly wounded, 60% to hit)
You miscast Shock.
You are very lightly contaminated with residual magic.
Nothing appears to happen.
Pikel says, "All the lords of Hell know my name!"
Aiming: Shock (safe; 4% risk of failure)
Press: ? - help, Q - select action Shift-Dir - straight line, f/p - Pikel
Aim: Pikel, wielding a +1 whip of flaming and wearing a +0 robe (lightly wounded, 60% to hit)
The zap misses Pikel. x2
Aiming: Shock (safe; 4% risk of failure)
Press: ? - help, Q - select action Shift-Dir - straight line, p - Pikel The zap misses Pikel.
You barely miss Pikel.
Pikel is lightly wounded.
You barely miss Pikel.
Pikel is lightly wounded.
Pikel hits you with a +1 whip of flaming!
Pikel burns you.
You hit Pikel but do no damage.
Pikel is lightly wounded.
Pikel cracks his whip.
Pikel closely misses you.
You closely miss Pikel.
Pikel is lightly wounded.
Pikel hits you with a +1 whip of flaming!
Pikel burns you.
The lemure shouts!
You hit Pikel but do no damage.
Pikel is poisoned.
Pikel is lightly wounded.
Pikel barely misses you.
Your magical contamination has completely faded away.
You barely miss Pikel.
Pikel is lightly wounded.
Pikel hits you with a +1 whip of flaming!
* * * LOW HITPOINT WARNING * * *
Pikel burns you.
* * * LOW HITPOINT WARNING * * *
You feel yourself speed up.
Pikel hits you with a +1 whip of flaming!
You die...

.8.>.# ..$.##
....# #.).##
#....###.#
#58.....#
#.5.###.# ##K##
##@#
#..#######..####.#
#.......<...(....#
#######.##########
#.# #.# #.# #.#
#..


You could see Pikel (poisoned) and 2 lemures.

Vanquished Creatures
  An orc wizard (D:3)
  5 adders
  2 dart slugs (D:1)
  7 orcs
  8 endoplasms
  A giant cockroach (D:2)
  2 goblins
  10 hobgoblins
  3 kobolds
  A quokka (D:2)
  4 ball pythons
  2 bats
  4 frilled lizards
  6 rats
56 creatures vanquished.

Notes
Turn   | Place    | Note
-------+----------+-------------------------------------------
     0 | D:1      | frimble the Demonspawn Air Elementalist began the quest for
                  | the Orb.
     0 | D:1      | Reached XP level 1. HP: 13/13 MP: 3/3
   706 | D:1      | Gained mutation: You regenerate magic rapidly. [demonic
                  | ancestry]
   706 | D:1      | Reached XP level 2. HP: 12/19 MP: 3/5
  1861 | D:2      | Gained mutation: You have sharp fingernails. [demonic
                  | ancestry]
  1861 | D:2      | Reached XP level 3. HP: 18/24 MP: 0/6
  2057 | D:2      | Reached skill level 1 in Short Blades
  2487 | D:2      | Found an opulent altar of Gozag.
  2700 | D:2      | Reached XP level 4. HP: 27/30 MP: 7/7
  3124 | D:2      | Found Ocec's Distillery.
  3129 | D:2      | Bought a potion of curing for 36 gold pieces
  3351 | D:3      | Identified the ring "Eleov" {Str+3 Dex+2 SInv}
  3761 | D:3      | Found an ancient bone altar of Kikubaaqudgha.
  3767 | D:3      | Found a shimmering blue altar of Sif Muna.
  3769 | D:3      | Found a radiant altar of Vehumet.
  3774 | D:3      | Got Vehumet's Compilation of Blasting
  4333 | D:4      | Noticed Pikel
  4334 | D:4      | Noticed a lemure
  4337 | D:4      | Noticed a lemure
  4338 | D:4      | Noticed a lemure
  4338 | D:4      | Noticed a lemure
  4752 | D:4      | Gained mutation: You may rarely emit foul miasma when
                  | damaged in melee. [demonic ancestry]
  4752 | D:4      | Reached XP level 5. HP: 21/36 MP: 2/8
  4869 | D:4      | Mangled by Pikel

Illustrated notes

Levels and vault maps discovered:
D:1:      lightli_arrival_boilingwater, layout_basic
D:2:      layout_basic, basic_altar, serial_shops, nicolae_square_shop
D:3:      layout_basic, grunt_temple_overflow_magic_moments
D:4:      layout_loops_ring, minmay_temple_entry_sparse_star,
          grunt_ministairs_13, grunt_decor_arrowhead, uniq_pikel

Skill      XL: |  1  2  3  4 |
---------------+-------------+-----
Conjurations   | 2 3 |  3.0
Short Blades   | 1 2 |  2.3
Air Magic      | 3 |  3.4
Fighting       | |  0.9
Dodging        | |  1.7
Stealth        | |  1.7
Spellcasting   | |  2.0

Action                   |  1- 3 |  4- 6 || total
-------------------------+-------+-------++-------
Melee: Unarmed           |     9 |       ||     9
       Short sword       |    16 |       ||    16
       Dagger            |    52 |    55 ||   107
       Punch             |       |     2 ||     2
 Cast: Shock             |    38 |    17 ||    55
  Use: Scroll            |       |     7 ||     7
       Potion            |       |     2 ||     2
 Stab: Sleeping          |     2 |     1 ||     3
Armor: Robe              |    11 |     5 ||    16
Dodge: Dodged            |    45 |    25 ||    70

Table legend: (Time is in decaauts)
 A = Elapsed time spent in this place.
 B = Non-inter-level travel time spent in this place.
 C = Inter-level travel time spent in this place.
 D = Time resting spent in this place.
 E = Time spent auto-exploring this place.
 F = Levels seen in this place.
 G = Mean time per level.
                   A        B        C        D        E       F      G
               +--------+--------+--------+--------+--------+-----+--------+
         Total |   4865 |   4603 |    262 |    254 |   3901 |   4 | 1216.2 |
       Dungeon |   4865 |   4603 |    262 |    254 |   3901 |   4 | 1216.2 |
               +--------+--------+--------+--------+--------+-----+--------+

Top non-repeatable levels by time:
     D:1: 2022 daAuts
     D:2: 1467 daAuts
     D:3: 1207 daAuts
     D:4: 167 daAuts
